 Dungeon Crawl Stone Soup version 0.23-a0-242-g2b5ca64 (webtiles) character file.

1990 mandick the Fighter (level 9, -26/59 HPs)
             Began as a Kobold Fighter on Sept 28, 2018.
             Was an Elder of Elyvilon.
             Killed by the air
             ... invoked by Gastronok
              (45 damage)
             ... on level 8 of the Dungeon.
             The game lasted 00:31:14 (7464 turns).

mandick the Fighter (Kobold Fighter)                Turns: 7464, Time: 00:31:14

Health: -26/59     AC: 20    Str: 12    XL:     9   Next: 44%
Magic:  9/9        EV:  3    Int:  9    God:    Elyvilon [****..]
Gold:   208        SH: 10    Dex: 15    Spells: 8/8 levels left

rFire    + + +     SeeInvis +   b - +7 war axe "Killer Bee's Regret" {chop, rElec rF+++ Str-4 SInv}
rCold    . . .     Gourm    .   c - +0 shield
rNeg     . . .     Faith    .   t - +5 plate armour "Daitih" {SInv}
rPois    .         Spirit   .   q - +0 helmet
rElec    +         Reflect  .   (no cloak)
rCorr    .         Harm     +   (no gloves)
MR       .....                  m - +0 pair of boots
Stlth    ..........             g - amulet of harm
HPRegen  0.19/turn              l - ring of protection from fire
MPRegen  0.11/turn              (no ring)

@: slowed, very slow
A: small, carnivore
a: Lesser Healing, Heal Other, Purification, Greater Healing, Divine Protection,
Renounce Religion


You were on level 8 of the Dungeon.
You worshipped Elyvilon.
Elyvilon was greatly pleased with you.
You were not hungry.

You visited 1 branch of the dungeon, and saw 8 of its levels.
You also visited: Sewer and Bailey.

You collected 521 gold pieces.
You spent 313 gold pieces at shops.

Inventory:

Hand Weapons
 a - the +7 dagger of Bankruptcy {flame, rPois Str+6}
   (You found it on level 4 of the Dungeon)

   It has been specially enchanted to burn those struck by it, causing extra
   injury to most foes and up to half again as much damage against particularly
   susceptible opponents.
   It affects your strength (+6).
   It protects you from poison.
 b - the +7 war axe "Killer Bee's Regret" (weapon) {chop, rElec rF+++ Str-4 SInv}
   (You bought it in a shop on level 5 of the Dungeon)

   It inflicts extra damage upon your enemies.
   It affects your strength (-4).
   It renders you almost immune to fire.
   It insulates you from electricity.
   It lets you see invisible.
 C - the +1 war axe "Jywia" {chop, MR+ Str+5 Int+4}
   (You found it on level 6 of the Dungeon)

   It inflicts extra damage upon your enemies.
   It affects your strength (+5).
   It affects your intelligence (+4).
   It affects your resistance to hostile enchantments.
Missiles
 G - 70 bolts
Armour
 c - a +0 shield (worn)
 m - a +0 pair of boots (worn)
 q - a +0 helmet (worn)
 t - the +5 plate armour "Daitih" (worn) {SInv}
   (You found it on level 4 of the Dungeon)

   It lets you see invisible.
Magical Staves
 j - an uncursed staff of energy {unknown}
Jewellery
 g - an amulet of harm (around neck)
 l - a ring of protection from fire (left hand)
Wands
 s - a wand of digging (17)
 w - a wand of acid (6)
 y - a wand of iceblast (16)
 F - a wand of paralysis (10)
Scrolls
 e - a scroll of identify
 k - 2 scrolls of fear
 p - a scroll of amnesia
 r - 2 scrolls of enchant weapon
 B - a scroll of enchant armour
 D - a scroll of magic mapping
 E - a scroll of blinking
Potions
 d - 7 potions of might
 h - 2 potions of heal wounds
 i - 3 potions of haste {unknown}
 n - 3 potions of degeneration {unknown}
 o - 3 potions of curing
 u - a potion of lignification {unknown}
 v - a potion of mutation {unknown}
 x - 3 potions of brilliance
 z - 3 potions of magic
 A - a potion of ambrosia
Comestibles
 f - 18 rations


   Skills:
 + Level 8.1 Fighting
 - Level 2.1 Axes
 + Level 6.1 Armour
 + Level 6.1 Shields


You had 8 spell levels left.
You didn't know any spells.
Your spell library contained the following spells:

 Spells                   Type           Power        Failure   Level  Hunger
 Corona                   Hex            #......      100%        1    ##.....


Dungeon Overview and Level Annotations

Branches:
Dungeon (8/15)             Temple (0/1) D:6
   Lair: D:8-11

Altars:
Cheibriados
Dithmenos
Elyvilon
Fedhas
Kikubaaqudgha
Makhleb
Okawaru
Qazlal
Ru
Sif Muna
Trog
Uskayaw
Vehumet
Xom

Shops:
D:5 *}*((   D:7 }

Annotations:
D:8 Gastronok


Innate Abilities, Weirdness & Mutations

You are small and have problems with some larger weapons.
You are carnivorous and can eat meat at any time.


Message History

Your shield and plate armour "Daitih" prevent you from hitting the quokka.
The bat barely misses you.
The quokka bites you but does no damage.
You block the rat's attack. You block the quokka's attack.
The rat bites you but does no damage.
Gastronok's eyestalks quiver as he mumbles some strange words.
The quokka barely misses you.
You hit Gastronok.
Gastronok is almost dead.
You completely miss the quokka. You slash the rat!
You kill the rat!
The rat's corpse disappears in a puff of smoke!
You block the bat's attack. x2
The quokka bites you but does no damage.
The quokka twitches its whiskers.
The quokka bites you but does no damage.
Gastronok waves his eye-stalks in wide circles.
The air twists around and strikes you!
Ouch! That really hurt!
You die...

#...... #....#
#.......#....+
#...$...#....#
#.......#....#
#...%.##....#
###.....##....#####
..$............(..#
.......br.........#
......)@.......)..#
......w§....<..)..#
....b.........)...#
+##...#######....##
#... #....# .....
....... .>...
.>....... .....
...........
..##....####


You could see Gastronok, a quokka and 2 bats.

Vanquished Creatures
  Eustachio (D:4)
  A hungry ghost (D:7)
  3 orc warriors
  A black bear (D:7)
  2 ogres
  A bullfrog (D:6)
  A gnoll sergeant (D:8)
  A scorpion (D:7)
  5 wights (D:7)
  2 crimson imps (D:5)
  A bullfrog zombie (D:7)
  2 hounds
  A jelly (D:7)
  2 orc priests
  2 orc wizards
  An iguana (D:4)
  Natasha (D:2)
  3 worker ants
  7 adders
  10 gnolls
  3 shadow imps
  4 oozes
  An adder skeleton (D:6)
  5 worms
  2 dart slugs
  5 leopard geckos
  13 orcs
  6 ball pythons
  6 giant cockroaches
  8 goblins
  7 hobgoblins
  19 jackals
  2 quokkas
  9 bats
  11 frilled lizards
  11 kobolds
  A quokka zombie (D:7)
  7 rats
  4 plants (Sewer)
172 creatures vanquished.

Notes
Turn   | Place    | Note
-------+----------+-------------------------------------------
     0 | D:1      | mandick the Kobold Fighter began the quest for the Orb.
     0 | D:1      | Reached XP level 1. HP: 14/14 MP: 1/1
    52 | D:1      | Reached XP level 2. HP: 18/19 MP: 2/2
   595 | D:1      | Reached XP level 3. HP: 22/23 MP: 3/3
  1209 | D:2      | Reached XP level 4. HP: 29/29 MP: 4/4
  1215 | D:2      | Found a faded altar of an unknown god.
  1449 | D:2      | Reached skill level 4 in Fighting
  1648 | D:2      | Noticed Natasha
  1656 | D:2      | Killed Natasha
  1656 | D:2      | Reached XP level 5. HP: 32/33 MP: 5/5
  1816 | D:2      | Became a worshipper of Elyvilon the Healer
  1816 | D:2      | Reached * piety under Elyvilon
  1940 | D:3      | Noticed a hand axe
  1940 | D:3      | Noticed a dagger
  1944 | D:3      | Found a hide-covered altar of Uskayaw.
  1946 | D:3      | Reached ** piety under Elyvilon
  2026 | D:3      | Found a radiant altar of Vehumet.
  2026 | D:3      | Found an ancient bone altar of Kikubaaqudgha.
  2064 | D:3      | Found a deep blue altar of Sif Muna.
  2070 | D:3      | Identified Sif Muna's Catalogue of Beguiling
  2640 | D:4      | Got a brightly glowing plate armour
  2651 | D:4      | Identified the +5 plate armour "Daitih" {SInv} (You found
                  | it on level 4 of the Dungeon)
  2658 | D:4      | Got a steaming dagger
  2659 | D:4      | Identified the +7 dagger of Bankruptcy {flame, rPois Str+6}
                  | (You found it on level 4 of the Dungeon)
  2731 | D:4      | Found a burning altar of Makhleb.
  2731 | D:4      | Noticed an ogre
  2744 | D:4      | Reached XP level 6. HP: 37/39 MP: 6/6
  2808 | D:4      | Killed an ogre
  2808 | D:4      | Reached skill level 5 in Fighting
  2837 | D:4      | Reached *** piety under Elyvilon
  2916 | D:4      | Noticed Eustachio
  2935 | D:4      | Killed Eustachio
  2935 | D:4      | Reached XP level 7. HP: 25/44 MP: 7/7
  3216 | D:4      | Found a shadowy altar of Dithmenos.
  3286 | D:4      | Found a bloodstained altar of Trog.
  3309 | D:5      | Entered Level 5 of the Dungeon
  3363 | D:5      | Found a glowing drain.
  3405 | Sewer    | Entered a sewer
  4152 | D:5      | Found Seibekan's Assorted Antiques.
  4179 | D:5      | Found Zechax's Weapon Boutique.
  4219 | D:5      | Reached **** piety under Elyvilon
  4337 | D:5      | Found Ucleh's Weapon Emporium.
  4382 | D:5      | Found Beseig's Gadget Shop.
  4472 | D:4      | Reached skill level 6 in Fighting
  4472 | D:4      | Reached XP level 8. HP: 23/51 MP: 8/8
  5138 | D:5      | Found a sacrificial altar of Ru.
  5138 | D:5      | Found an iron altar of Okawaru.
  5138 | D:5      | Found a blossoming altar of Fedhas.
  5138 | D:5      | Found a snail-covered altar of Cheibriados.
  5145 | D:5      | Found a shimmering altar of Xom.
  5145 | D:5      | Found a stormy altar of Qazlal.
  5209 | D:5      | Found Qeobri Qocoa's Assorted Antiques.
  5219 | D:5      | Bought an iridescent war axe for 229 gold pieces
  5345 | D:6      | Found a staircase to the Ecumenical Temple.
  5493 | D:6      | Got a shimmering war axe
  5680 | D:6      | Found a blossoming altar of Fedhas.
  6082 | D:6      | Reached skill level 5 in Armour
  6082 | D:6      | Reached skill level 5 in Shields
  6331 | D:7      | Found a flagged portal.
  6347 | D:7      | Reached skill level 7 in Fighting
  6547 | D:7      | Reached XP level 9. HP: 41/57 MP: 9/9
  6630 | Bailey   | Entered a bailey
  6632 | Bailey   | Identified the +7 war axe "Killer Bee's Regret" {chop,
                  | rElec rF+++ Str-4 SInv} (You bought it in a shop on level 5
                  | of the Dungeon)
  6633 | Bailey   | Noticed an orc knight
  6949 | D:7      | Found Vutode Largh's Gadget Shop.
  7050 | D:5      | Bought a scroll of remove curse for 84 gold pieces
  7055 | D:5      | Identified the +1 war axe "Jywia" {chop, MR+ Str+5 Int+4}
                  | (You found it on level 6 of the Dungeon)
  7205 | D:7      | Reached skill level 8 in Fighting
  7449 | D:8      | Noticed Gastronok
  7464 | D:8      | Killed from afar by Gastronok

Vault maps used:
D:1:      minmay_arrival_checkered_box, minivault_24
D:2:      chequers_ecumenical_altar_island, uniq_natasha
D:3:      grunt_temple_overflow_magic_moments, dancing_weapons_uskayaw
D:4:      makhleb_heckhound_becter, lemuel_round_altar,
          grunt_dithmenos_smoke_and_mirrors, first_ration, uniq_eustachio
D:5:      minmay_overflow_temple_hex, serial_shops, shop, shop_fountains,
          nicolae_shop_overgrown_old_shop, nicolae_shop_statue_plus, shop,
          cheibrodos_sewer_entry_bend, kennysheep_another_room
D:6:      temple_hall, fedhas_altar_3
D:7:      enter_bailey_2, serial_shops, shop
D:8:      uniq_gastronok
Sewer:    sewer_co_scattered_pipes
Bailey:   bailey_polearm_4, bailey

Skill      XL: |  1  2  3  4  5  6  7  8  9 |
---------------+----------------------------+-----
Axes           | 2 |  2.1
Fighting       | 4 5 6 7 8 |  8.1
Armour         | 3 4 5 6 |  6.1
Shields        | 3 4 5 6 |  6.1

Action                   |  1- 3 |  4- 6 |  7- 9 || total
-------------------------+-------+-------+-------++-------
Melee: War axe           |   122 |   131 |    40 ||   293
       Dagger            |       |    40 |   431 ||   471
Throw: Tomahawk          |       |       |     7 ||     7
  Use: Scroll            |       |       |    16 ||    16
       Potion            |       |       |     1 ||     1
  Eat: Chunk             |     9 |     6 |    20 ||    35
Armor: Scale mail        |    63 |    65 |       ||   128
       Plate armour      |       |    47 |   269 ||   316
Dodge: Dodged            |    56 |    66 |    84 ||   206
Block: Shield            |    79 |   130 |   250 ||   459

Table legend:
 A = Non-vault XP
 B = Vault XP
 C = Vault XP percentage of total XP
 D = Non-vault monster count
 E = Vault monster count
 F = Vault count percentage of total count
                 A         B        C        D         E       F
            +---------+---------+-------+---------+---------+-------
      Total |    2266 |     578 |  20.3 |     144 |      24 |  14.3
            +---------+---------+-------+---------+---------+-------
        D:1 |      36 |       0 |   0.0 |      21 |       0 |   0.0
        D:2 |      84 |      35 |  29.4 |      33 |       1 |   2.9
        D:3 |      68 |       0 |   0.0 |      21 |       0 |   0.0
        D:4 |     442 |     245 |  35.7 |      19 |       2 |   9.5
        D:5 |     353 |      15 |   4.1 |      19 |       3 |  13.6
        D:6 |     278 |       0 |   0.0 |      10 |       0 |   0.0
        D:7 |     876 |       0 |   0.0 |      16 |       0 |   0.0
        D:8 |     129 |       0 |   0.0 |       5 |       0 |   0.0
      Sewer |       0 |      25 | 100.0 |       0 |      16 | 100.0
     Bailey |       0 |     258 | 100.0 |       0 |       2 | 100.0
            +---------+---------+-------+---------+---------+-------
